 Dungeon Crawl Stone Soup version 0.20.1-1-g8b1a95d (webtiles) character file.

646 MovingMist the Skirmisher (level 7, -3/44 HPs)
             Began as a Gargoyle Fighter on Nov 20, 2017.
             Slain by a large slime creature (11 damage)
             ... on level 7 of the Dungeon.
             The game lasted 00:12:15 (3707 turns).

MovingMist the Skirmisher (Gargoyle Fighter)        Turns: 3707, Time: 00:12:16

Health: -3/44      AC: 20    Str: 18    XL:     7   Next: 52%
Magic:  7/7        EV:  4    Int:  8    God:
Gold:   267        SH:  9    Dex: 11    Spells: 6/6 levels left

rFire    . . .     SeeInvis .   e - +1 mace (drain)
rCold    . . .     Gourm    .   c - +0 shield
rNeg     + . .     Faith    .   p - +0 plate armour
rPois    ∞         Spirit   .   s - +0 helmet
rElec    +         Reflect  .   (no cloak)
rCorr    .         Harm     .   (no gloves)
MR       .....                  (no boots)
Stlth    ..........             (no amulet)
Regen    0.2/turn               C - ring of flight
MPRegen  0.1/turn               (no ring)

@: no status effects
A: thin metallic scales 1, negative energy resistance 1, electricity resistance,
weak 1, wild magic 1, unbreathing, petrification resistance, rot immunity,
MP-powered wands, AC +4
a: Evoke Flight


You were on level 7 of the Dungeon.
You were hungry.

You visited 1 branch of the dungeon, and saw 7 of its levels.
You also visited: Sewer.

You collected 267 gold pieces.

Inventory:

Hand Weapons
 e - a +1 mace of draining (weapon)
Armour
 c - a +0 shield (worn)
 p - a +0 plate armour (worn)
 s - a +0 helmet (worn)
Jewellery
 v - an uncursed amulet of faith
 C - a ring of flight (left hand)
Scrolls
 i - a scroll of recharging {unknown}
 j - a scroll of enchant weapon {unknown}
 k - 3 scrolls of magic mapping
 n - 3 scrolls of remove curse
 o - 3 scrolls of immolation {unknown}
 t - 2 scrolls of fear {unknown}
 u - 3 scrolls of fog
 w - a scroll of teleportation {unknown}
 x - a scroll of blinking {unknown}
 y - 2 scrolls of amnesia
 z - 2 scrolls of random uselessness {unknown}
Potions
 a - a potion of invisibility {unknown}
 b - a potion of ambrosia {unknown}
 d - 2 potions of might
 g - 5 potions of curing
 h - 2 potions of lignification {unknown}
 r - 2 potions of flight {unknown}
 A - 3 potions of resistance {unknown}
 B - 3 potions of brilliance {unknown}
Comestibles
 f - 5 bread rations
 l - 3 meat rations
 m - 4 royal jellies
 q - 4 fruits
 D - a chunk of flesh


   Skills:
 + Level 5.2 Fighting
 + Level 4.0 Maces & Flails
 + Level 5.0 Armour
 * Level 3.8 Dodging
 - Level 3.2 Shields


You had 6 spell levels left.
You didn't know any spells.

Dungeon Overview and Level Annotations

Branches:
Dungeon (8/15)
 Temple: D:4-7         Lair: D:8-11

Altars:

Shops:
D:4 =


Innate Abilities, Weirdness & Mutations

You are resistant to torment.
Your stone body is resilient. (AC +4)
You are immune to poison.
You resist negative energy. (rN+)
You are resistant to electric shocks. (rElec)
You can survive without breathing.
You are immune to petrification.
You are immune to rotting.
You are partially covered in thin metallic scales. (AC +2)
You are weak. (Str -2)
Your spells are a little harder to cast, but a little more powerful.
You expend magic power (3 MP) to strengthen your wands.


Message History

Ouch! That really hurt!
* * * LOW HITPOINT WARNING * * *
Unknown command.
You hit the large slime creature. You drain the large slime creature!
The large slime creature is lightly wounded.
The large slime creature barely misses you.
You sock the large slime creature!
The large slime creature is moderately wounded.
The large slime creature hits you but does no damage.
The large slime creature hits you.
* * * LOW HITPOINT WARNING * * *
You sock the large slime creature!
The large slime creature is moderately wounded.
The large slime creature hits you but does no damage.
You hit the large slime creature. You drain the large slime creature!
The large slime creature is moderately wounded.
You are feeling hungry.
The orc wizard gestures wildly while chanting.
The orc wizard blinks!
The large slime creature hits you!
You die...

#.# #.# #.# #.# ##
###########.#
#...######oo.o...o)..##
#.....@JSo§oo...o.o....
#...######o#######o.>.#
## #.# #....# #.#
#....# #.# ?....#. #..
.....### ### #...o..
####... #...


You could see a large slime creature, an orc warrior, an orc wizard, an adder
and 5 orcs.

Vanquished Creatures
  A sky beast (D:5)
  An ogre (D:5)
  2 hounds
  An orc wizard (D:3)
  An iguana (D:4)
  A worker ant (D:5)
  A killer bee zombie (D:5)
  A hound zombie (D:5)
  A hound skeleton (D:4)
  A worker ant zombie (D:5)
  Robin (D:3)
  12 adders
  3 river rats (Sewer)
  An adder skeleton (D:5)
  2 adder zombies (D:5)
  2 worms
  2 dart slugs
  3 leopard geckos
  7 orcs
  11 bats
  4 giant cockroaches
  9 hobgoblins
  3 jackals
  2 quokkas
  3 ball pythons
  13 frilled lizards
  15 goblins
  4 kobolds
  A quokka skeleton (D:4)
  21 rats
130 creatures vanquished.

Notes
Turn   | Place    | Note
-------+----------+-------------------------------------------
     0 | D:1      | MovingMist the Gargoyle Fighter began the quest for the Orb.
     0 | D:1      | Reached XP level 1. HP: 14/14 MP: 1/1
   178 | D:1      | Reached XP level 2. HP: 18/19 MP: 2/2
   622 | D:1      | Reached skill level 1 in Dodging
   816 | D:2      | Reached XP level 3. HP: 24/24 MP: 3/3
  1136 | D:2      | Reached XP level 4. HP: 27/29 MP: 4/4
  1410 | D:3      | Noticed Robin
  1450 | D:3      | Killed Robin
  1595 | D:3      | Reached XP level 5. HP: 27/33 MP: 5/5
  2020 | D:3      | Found a glowing drain.
  2031 | Sewer    | Entered a sewer
  2287 | Sewer    | Reached XP level 6. HP: 34/39 MP: 6/6
  2869 | D:4      | Found Ikathuaz's Jewellery Boutique.
  3164 | D:5      | Entered Level 5 of the Dungeon
  3219 | D:5      | Noticed a sky beast
  3242 | D:5      | Killed a sky beast
  3242 | D:5      | Reached skill level 5 in Fighting
  3242 | D:5      | Reached XP level 7. HP: 37/44 MP: 7/7
  3249 | D:5      | Gained mutation: Your spells are a little harder to cast, but a little more powerful. [mutagenic meat]
  3250 | D:5      | Gained mutation: You expend magic power (3 MP) to strengthen your wands. [mutagenic meat]
  3251 | D:5      | Gained mutation: You are dopey. (Int -2) [mutagenic meat]
  3252 | D:5      | Gained mutation: You are partially covered in thin metallic scales. (AC +2) [mutagenic meat]
  3253 | D:5      | Lost mutation: You are dopey. (Int -2) [mutagenic meat]
  3254 | D:5      | Gained mutation: You are weak. (Str -2) [mutagenic meat]
  3445 | D:5      | Reached skill level 5 in Armour
  3675 | D:5      | You fall through a shaft for 3 floors!
  3675 | D:8      | Noticed a slime creature
  3675 | D:8      | Noticed a slime creature
  3675 | D:8      | Noticed a slime creature
  3675 | D:8      | Noticed a slime creature
  3675 | D:8      | Noticed a slime creature
  3707 | D:7      | Slain by a large slime creature

Skill      XL: |  1  2  3  4  5  6  7 |
---------------+----------------------+-----
Dodging        | 1 2 3 |  3.8
Fighting       | 4 5 |  5.2
Armour         | 4 5 |  5.0
Maces & Flails | 3 4 |  4.0
Shields        | |  3.2

Action                   |  1- 3 |  4- 6 |  7- 9 || total
-------------------------+-------+-------+-------++-------
Melee: Mace              |   103 |   316 |    83 ||   502
  Use: Scroll            |       |     6 |       ||     6
  Eat: Chunk             |     1 |     8 |     7 ||    16
Armor: Scale mail        |    37 |       |       ||    37
       Chain mail        |    24 |       |       ||    24
       Plate armour      |     6 |   398 |    69 ||   473
Dodge: Dodged            |    35 |    90 |    19 ||   144
Block: Shield            |    41 |   250 |    48 ||   339
